 Dungeon Crawl Stone Soup version 0.28-a0-724-g66f9036eb4 (webtiles) character file.

Game seed: 18249655817090603960

9508 ytrimaz the Cruncher (level 11, -8/84 HPs)
             Began as a Formicid Fighter on Oct 26, 2021.
             Was a High Priest of Okawaru.
             Killed from afar by a kobold brigand (25 damage)
             ... with a bolt of acid
             ... on level 10 of the Dungeon.
             The game lasted 00:18:17 (12068 turns).

ytrimaz the Cruncher (Formicid Fighter)            Turns: 12068, Time: 00:18:17

Health: -8/84      AC:  4    Str: 24    XL:     11   Next: 75%
Magic:  14/14      EV: 10    Int:  8    God:    Okawaru [*****.]
Gold:   439        SH: 11    Dex: 10    Spells: 10/10 levels left

rFire   . . .      SeeInvis +   n - +7 lajatang of Order {silver, rMut}
rCold   . . .      Faith    +   o - +1 kite shield
rNeg    + . .      Spirit   .   H - +0 swamp dragon scales
rPois   +          Reflect  .   (helmet unavailable)
rElec   .          Harm     .   y - +0 cloak
rCorr   .          Rampage  .   l - +0 pair of gloves
rMut    +                       (no boots)
Will    +....                   k - amulet of faith
Stlth   ..........              j - +4 ring of slaying
HPRegen 0.24/turn               q - ring of positive energy
MPRegen 0.14/turn

@: corroded
A: permanent stasis, dig shafts and tunnels, antennae 3, four strong arms
a: Dig, Shaft Self, Renounce Religion, Heroism, Finesse, Duel


You were on level 10 of the Dungeon.
You worshipped Okawaru.
Okawaru was extremely pleased with you.
You visited 2 branches of the dungeon, and saw 11 of its levels.

You collected 559 gold pieces.
You spent 120 gold pieces at shops.

Inventory:

Hand Weapons
 a - a +0 vorpal war axe
 n - the +7 lajatang of Order (weapon) {silver, rMut}
   (You acquired it on level 2 of the Dungeon)

   It inflicts extra damage upon those it strikes, and deals substantially
   increased damage to chaotic, mutated and magically transformed beings.
   rMut:      It protects you from mutation.
 J - a +2 spectral quarterstaff
Missiles
 p - 4 throwing nets
Armour
 l - a +0 pair of gloves (worn)
 o - a +1 kite shield (worn)
 y - a +0 cloak (worn)
 G - a +2 scale mail of cold resistance
 H - +0 swamp dragon scales (worn)
 I - a +0 plate armour
Jewellery
 j - a +4 ring of slaying (left hand)
 k - an amulet of faith (around neck)
 q - a ring of positive energy (right hand)
 r - a ring of protection from fire
Wands
 c - a wand of paralysis (20)
 m - a wand of flame (57)
 x - a wand of polymorph (7)
 A - a wand of acid (11)
 C - a wand of digging (1)
 E - a wand of mindburst (9)
Scrolls
 g - a scroll of magic mapping
 h - 2 scrolls of noise
 u - 3 scrolls of enchant weapon
 F - 2 scrolls of fear
 K - a scroll of holy word
 L - a scroll of enchant armour
 M - a scroll of fog
Potions
 b - a potion of flight {unknown}
 d - 3 potions of might
 e - 2 potions of curing
 f - 2 potions of brilliance
 i - a potion of lignification {unknown}
 s - 2 potions of mutation
 t - a potion of magic {unknown}
 v - 2 potions of heal wounds {unknown}
 w - a potion of cancellation {unknown}
 z - a potion of berserk rage {unknown}
 B - 2 potions of attraction
 D - 2 potions of degeneration {unknown}


   Skills:
 + Level 7.2 Fighting
 - Level 3.3 Axes
 * Level 13.0 Staves
 + Level 7.6 Armour
 * Level 8.8 Shields
 * Level 4.8 Invocations


You had 10 spell levels left.
You didn't know any spells.
Your spell library contained the following spells:

 Spells                   Type           Power      Damage    Failure   Level
 Foxfire                  Conj/Fire      0%         2x1d4     54%         1
 Corpse Rot               Necr/Air       0%         N/A       69%         2
 Ensorcelled Hibernation  Hex/Ice        0%         N/A       69%         2
 Conjure Flame            Conj/Fire      0%         6-21      89%         3
 Gell's Gravitas          Tloc           0%         N/A       89%         3
 Inner Flame              Hex/Fire       0%         N/A       89%         3
 Portal Projectile        Hex/Tloc       0%         N/A       89%         3
 Teleport Other           Tloc           0%         N/A       89%         3
 Dispel Undead            Necr           0%         3d6       100%        4
 Flame Wave               Conj/Fire      0%         3d3       100%        4
 Leda's Liquefaction      Hex/Erth       0%         N/A       100%        4
 Manifold Assault         Tloc           0%         N/A       100%        5
 Dispersal                Tloc           0%         N/A       100%        6
 Storm Form               Tmut/Air       0%         N/A       100%        7
 Blink                    Tloc           Unusable   N/A       N/A         2
 Call Canine Familiar     Summ           Unusable   N/A       N/A         3
 Tukima's Dance           Hex            Unusable   N/A       N/A         3
 Death Channel            Necr           Unusable   N/A       N/A         6

Dungeon Overview and Level Annotations

Branches:
Dungeon (10/15)            Temple (1/1) D:6            Lair (0/6) D:10
    Orc (0/2) D:9

Altars:
Ashenzari
Cheibriados
Dithmenos
Elyvilon
Fedhas
Gozag
Hepliaklqana
Kikubaaqudgha
Makhleb
Nemelex Xobeh
Okawaru
Qazlal
Ru
Sif Muna
Trog
Uskayaw
Vehumet
Wu Jian
Xom
Yredelemnul
Zin
The Shining One

Shops:
D:7 *   D:9 *


Innate Abilities, Weirdness & Mutations

You cannot be hasted, slowed, berserked, paralysed or teleported.
You can dig through walls and to a lower floor.
You have a pair of large antennae on your head. (SInv)
Your four strong arms can wield two-handed weapons with a shield.


Message History

There is an open door here.
A centaur warrior zombie comes into view.
There is an open door here.
A centaur warrior zombie is nearby!
A centaur warrior zombie is nearby!
A centaur warrior zombie is nearby!
A kobold brigand comes into view.
It is wielding a +0 club, quivering poisoned darts and carrying a wand of acid (12).
The kobold brigand shouts!
You slice the centaur warrior zombie!!
The centaur warrior zombie is heavily damaged.
You hear a shout!
You block the centaur warrior zombie's attack.
The centaur warrior zombie kicks you but does no damage.
You slash the centaur warrior zombie!
The centaur warrior zombie is severely damaged.
You block the centaur warrior zombie's attack.
The centaur warrior zombie kicks you but does no damage.
You slice the centaur warrior zombie!!
The centaur warrior zombie is almost destroyed.
You block the centaur warrior zombie's attack.
The centaur warrior zombie kicks you but does no damage.
You barely miss the centaur warrior zombie.
The centaur warrior zombie is almost destroyed.
You block the centaur warrior zombie's attack.
The centaur warrior zombie kicks you but does no damage.
The kobold brigand zaps a wand.
The bolt of acid hits you!! The acid corrodes you!
You slice the centaur warrior zombie!!
You destroy the centaur warrior zombie!
Okawaru accepts your kill.
Your Staves skill increases to level 13!
The kobold brigand zaps a wand.
The bolt of acid hits you!!!
Ouch! That really hurt!
* * * LOW HITPOINT WARNING * * *
The acid corrodes you!
A kobold comes into view. It is wielding a +0 whip.
A kobold comes into view. It is wielding a +0 whip.
The kobold shouts!
The kobold brigand zaps a wand.
The bolt of acid hits you!!
You die...

..................<.
....................
#.......#######+####
........#....#
........#....#
........'....+
........#....#
##########...####
........@....#
.............#
.............#
.............#
.......K.....#
.............#
.######K###### .K


You could see a kobold brigand and 2 kobolds.

Vanquished Creatures
  Harold (D:8)
  4 two-headed ogres
  Pikel (D:4)
  Joseph (D:8)
  A centaur zombie (D:10)
  Maggie (D:8)
  Psyche (D:7)
  A troll (D:10)
  Prince Ribbit (D:6)
  Sigmund (D:6)
  A wraith (D:10)
  4 yaks (D:8)
  Menkaure (D:4)
  6 orc warriors
  3 sky beasts
  An ogre (D:6)
  3 necrophages
  5 centaurs
  3 kobold brigands
  A lemure (D:4)
  A phantom (D:4)
  A bullfrog (D:7)
  A scorpion (D:7)
  2 water moccasin zombies
  6 killer bees
  2 electric eels (D:9)
  10 howler monkeys
  2 hounds
  A bullfrog zombie (D:5)
  A centaur skeleton (D:7)
  A gnoll shaman (D:6)
  4 orc priests
  Terence (D:3)
  Jessica (D:3)
  An iguana (D:4)
  5 orc wizards
  A killer bee zombie (D:9)
  A mummy (D:6)
  7 gnolls
  6 adders
  2 white imps
  6 dart slugs
  24 orcs
  10 ball pythons
  8 endoplasms
  5 giant cockroaches
  A goblin (D:1)
  5 hobgoblins
  2 jackals (D:3)
  3 quokkas
  5 bats
  4 frilled lizards (D:1)
  24 kobolds
  5 rats
200 creatures vanquished.

Vanquished Creatures (others)
  An orc (D:8)
1 creature vanquished.

Grand Total: 201 creatures vanquished

Notes
Turn   | Place    | Note
-------+----------+-------------------------------------------
     0 | D:1      | ytrimaz the Formicid Fighter began the quest for the Orb.
     0 | D:1      | Reached XP level 1. HP: 18/18 MP: 1/1
   196 | D:1      | Reached XP level 2. HP: 22/24 MP: 2/2
   423 | D:1      | Reached XP level 3. HP: 30/30 MP: 3/3
   725 | D:1      | Found a faded altar of an unknown god.
   916 | D:2      | Found a shimmering blue altar of Sif Muna.
   923 | D:2      | Reached XP level 4. HP: 37/37 MP: 4/4
   951 | D:2      | You fall into a shaft and drop 2 floors!
   954 | D:4      | Noticed a lemure
   980 | D:3      | Noticed Terence
   987 | D:3      | Killed Terence
   988 | D:3      | Reached skill level 1 in Invocations
  1103 | D:2      | Identified a scroll of acquirement
  1109 | D:2      | Acquired the +7 lajatang of Order {silver, rMut}
  1109 | D:2      | Found the +7 lajatang of Order {silver, rMut}
  1694 | D:3      | Reached XP level 5. HP: 42/42 MP: 4/6
  1797 | D:3      | Reached skill level 1 in Staves
  1837 | D:3      | Noticed Jessica
  1850 | D:3      | Killed Jessica
  2193 | D:4      | Killed a lemure
  2248 | D:4      | Found a hazy altar of Hepliaklqana.
  2415 | D:4      | Reached skill level 2 in Staves
  2475 | D:4      | Noticed a lemure
  2478 | D:4      | Noticed Pikel
  2481 | D:4      | Killed Pikel
  2482 | D:4      | Reached skill level 5 in Staves
  2482 | D:4      | Reached XP level 6. HP: 49/49 MP: 7/7
  2482 | D:4      | Reached XP level 7. HP: 55/55 MP: 8/8
  2767 | D:4      | Noticed Menkaure
  2770 | D:4      | Killed Menkaure
  2771 | D:4      | Reached XP level 8. HP: 61/61 MP: 9/9
  2827 | D:4      | Reached skill level 6 in Staves
  2948 | D:5      | Entered Level 5 of the Dungeon
  2981 | D:5      | Noticed a two-headed ogre
  3338 | D:5      | Killed a two-headed ogre
  3339 | D:5      | Reached skill level 5 in Fighting
  3339 | D:5      | Reached skill level 8 in Staves
  3339 | D:5      | Reached skill level 5 in Armour
  3339 | D:5      | Reached skill level 5 in Shields
  3339 | D:5      | Reached XP level 9. HP: 44/68 MP: 10/10
  3561 | D:6      | Noticed Sigmund
  3572 | D:6      | Killed Sigmund
  3815 | D:6      | Found a snail-covered altar of Cheibriados.
  4191 | D:6      | Found a staircase to the Ecumenical Temple.
  4406 | Temple   | Entered the Ecumenical Temple
  4708 | Temple   | Became a worshipper of Warmaster Okawaru
  4835 | D:6      | Reached skill level 9 in Staves
  4892 | D:6      | Noticed Prince Ribbit
  4897 | D:6      | Killed Prince Ribbit
  5081 | D:7      | Found an opulent altar of Gozag.
  5230 | D:7      | Found Zin's Purification Station.
  5232 | D:7      | Found a glowing silver altar of Zin.
  5255 | D:7      | Found a blossoming altar of Fedhas.
  5255 | D:7      | Found an ornate altar of the Wu Jian Council.
  5415 | D:7      | Noticed an orc sorcerer
  5957 | D:7      | Reached * piety under Okawaru
  6130 | D:8      | Noticed Harold
  6366 | D:8      | Noticed Maggie
  6388 | D:8      | Noticed Psyche
  6388 | D:8      | Noticed a two-headed ogre
  6394 | D:7      | Killed Psyche
  6395 | D:7      | Reached skill level 10 in Staves
  6395 | D:7      | Reached XP level 10. HP: 66/76 MP: 11/11
  6572 | D:8      | Killed a two-headed ogre
  6572 | D:8      | Reached ** piety under Okawaru
  6574 | D:8      | Noticed Joseph
  7673 | D:8      | Killed Harold
  7673 | D:8      | Reached *** piety under Okawaru
  7674 | D:8      | Reached skill level 11 in Staves
  8025 | D:8      | Killed Joseph
  8025 | D:8      | Reached **** piety under Okawaru
  8028 | D:8      | Killed Maggie
  8030 | D:8      | Reached XP level 11. HP: 27/83 MP: 13/13
  8360 | D:8      | Found a shimmering blue altar of Sif Muna.
  8549 | D:9      | Noticed a two-headed ogre
  8840 | D:9      | Killed a two-headed ogre
  8857 | D:9      | Reached skill level 12 in Staves
  9745 | D:8      | Reached ***** piety under Okawaru
 10818 | D:9      | Found Xuirruep's General Store.
 10821 | D:9      | Bought a scroll of holy word for 120 gold pieces
 10951 | D:9      | Found a staircase to the Orcish Mines.
 11451 | D:10     | Entered Level 10 of the Dungeon
 11582 | D:10     | Found a staircase to the Lair.
 11602 | D:10     | Noticed a two-headed ogre
 11611 | D:10     | Killed a two-headed ogre
 11690 | D:10     | Found a stormy altar of Qazlal.
 12067 | D:10     | Reached skill level 13 in Staves
 12068 | D:10     | Killed from afar by a kobold brigand

Illustrated notes

Levels and vault maps discovered:
D:1:      dpeg_arrival_pits, layout_basic, hellmonk_ecumenical_altar_arch_garden
D:2:      layout_basic, basic_altar
D:3:      layout_rooms, ebering_dispersal_statue_hall, uniq_terence,
          uniq_jessica
D:4:      layout_loops_ring, mainiacjoe_overflow_24_doors, uniq_pikel,
          uniq_menkaure
D:5:      layout_gridville
D:6:      layout_gridville, slow_altar_1, minmay_temple_entry_large_hall,
          uniq_sigmund, uniq_prince_ribbit1
D:7:      cheibrodos_wizards_tower, layout_cave_pods,
          mainiacjoe_overflow_large_starburst, nicolae_gozag_seed_capital,
          zin_purify
D:8:      layout_rooms, old_standard_altar, kennysheep_generic_room_3,
          uniq_harold, uniq_joseph, uniq_psyche, uniq_maggie
D:9:      layout_rooms, erik_orc_2, serial_shops, kennysheep_mini_moat
D:10:     layout_grid_maze, lemuel_tele_altar, dpeg_oklobed_lair
Temple:   eino_narrow_crystal_temple

Skill      XL: |  1  2  3  4  5  6  7  8  9 10 11 |
---------------+----------------------------------+-----
Axes           | 3 |  3.3
Invocations    | 1 3 4 |  4.8
Fighting       | 4 5 6 7 |  7.2
Armour         | 4 5 6 7 |  7.6
Staves         | 5 8 10 11 13 | 13.0
Shields        | 4 5 6 7 8 |  8.8

Action                   |  1- 3 |  4- 6 |  7- 9 | 10-12 || total
-------------------------+-------+-------+-------+-------++-------
Melee: War axe           |    78 |    19 |       |       ||    97
       Lajatang          |       |    51 |   115 |   185 ||   351
Invok: Heroism           |       |       |       |    10 ||    10
       Finesse           |       |       |       |     3 ||     3
 Abil: Dig               |       |     1 |     1 |     3 ||     5
Evoke: Wand              |       |       |       |     4 ||     4
  Use: Scroll            |     1 |     2 |    10 |     5 ||    18
       Potion            |       |     1 |     2 |     3 ||     6
 Stab: Invisible         |       |       |     1 |     2 ||     3
Armor: Scale mail        |    48 |    46 |    45 |    37 ||   176
       Swamp dragon scal |       |       |       |    23 ||    23
Dodge: Dodged            |    58 |    41 |    54 |    78 ||   231
Block: Buckler           |    36 |    22 |       |       ||    58
       Kite shield       |       |     6 |    63 |   117 ||   186

Table legend: (Time is in decaauts)
 A = Elapsed time spent in this place.
 B = Non-inter-level travel time spent in this place.
 C = Inter-level travel time spent in this place.
 D = Time resting spent in this place.
 E = Time spent auto-exploring this place.
 F = Levels seen in this place.
 G = Mean time per level.
                   A        B        C        D        E       F      G
               +--------+--------+--------+--------+--------+-----+--------+
         Total |  12121 |  11566 |    555 |   4913 |   4630 |  11 | 1101.9 |
       Dungeon |  11803 |  11289 |    514 |   4913 |   4362 |  10 | 1180.3 |
        Temple |    317 |    276 |     41 |      0 |    268 |   1 |  317.0 |
               +--------+--------+--------+--------+--------+-----+--------+

Top non-repeatable levels by time:
     D:7: 2563 daAuts
     D:8: 1962 daAuts
     D:9: 1834 daAuts
     D:6: 1203 daAuts
     D:1: 1200 daAuts
     D:4: 873 daAuts
    D:10: 608 daAuts
     D:3: 588 daAuts
     D:5: 540 daAuts
     D:2: 426 daAuts
  Temple: 317 daAuts
